 Dungeon Crawl Stone Soup version 0.18-a0-844-g9229740 (webtiles) character file.

945 M4edhros the Covert (level 8, -2/48 HPs)
             Began as an Octopode Artificer on Dec 18, 2015.
             Slain by a sky beast (5 damage)
             ... on level 6 of the Dungeon.
             The game lasted 00:06:50 (3759 turns).

M4edhros the Covert (Octopode Artificer)            Turns: 3759, Time: 00:06:51

Health: -2/48      AC:  1    Str: 11    XL:     8   Next: 13%
Magic:  21/21      EV: 14    Int: 16    God:
Gold:   138        SH:  0    Dex: 12    Spells: 0 memorised, 7 levels left

rFire  . . .     SeeInvis .     a - +0 short sword
rCold  + . .     Gourm    .     (no shield)
rNeg   . . .     Faith    .     (helmet restricted)
rPois  .         Spirit   .     (no amulet)
rElec  .         Dismiss  .     l - ring of magical power
rCorr  .         Reflect  .     (no ring)
SustAt .         Harm     .     (no ring)
MR     .....                    (no ring)
Stlth  +++++.....               (no ring)
                                (no ring)
                                (no ring)
                                (no ring)

@: starving, not resistant to hostile enchantments, quite stealthy
A: almost no armour, amphibious, 8 rings, constrict 8, tentacle spike 1,
camouflage 1, blurry vision 1, cold resistance 1, gelatinous body 1
a: no special abilities


You were on level 6 of the Dungeon.
You were starving.

You visited 1 branch of the dungeon, and saw 6 of its levels.

You collected 213 gold pieces.
You spent 75 gold pieces at shops.

Inventory:

Hand Weapons
 a - a +0 short sword (weapon)
 e - a +0 glaive
Missiles
 r - 59 stones (quivered)
 u - 17 sling bullets
Jewellery
 l - a ring of magical power (left tentacle)
Wands
 b - a wand of flame (0)
 c - a wand of enslavement (8)
 d - a wand of random effects (0)
 p - a wand of confusion (18)
Scrolls
 g - a scroll of fog {unknown}
 i - a scroll of magic mapping {unknown}
 j - a scroll of enchant weapon {unknown}
 m - a scroll of noise {unknown}
 n - 2 scrolls of teleportation {unknown}
 o - 2 scrolls of identify {unknown}
 t - a scroll of remove curse {unknown}
 x - a scroll of enchant armour {unknown}
Potions
 h - 3 potions of might
 q - a potion of curing
 s - a potion of lignification
 v - a potion of cancellation {unknown}
 w - a potion of heal wounds
 z - a potion of poison {unknown}
Comestibles
 f - 4 bread rations
 k - a meat ration


   Skills:
 - Level 1.0 Fighting
 - Level 1.0 Short Blades
 * Level 5.8 Dodging
 * Level 8.5 Stealth
 + Level 5.5 Evocations


You had 7 spell levels left.
You didn't know any spells.

Dungeon Overview and Level Annotations

Branches:
Dungeon (6/15)
 Temple: D:4-7

Altars:
Ashenzari
Cheibriados
Dithmenos
Gozag
Kikubaaqudgha
Okawaru
Pakellas
Qazlal
Ru
The Shining One

Shops:
D:6 !

Annotations:
D:3 Sigmund


Innate Abilities, Weirdness & Mutations

You cannot wear most types of armour.
You are amphibious.
You can wear up to eight rings at the same time.
You can use your tentacles to constrict eight enemies at once.
Your skin changes colour to match your surroundings (Stealth).
Your rubbery body absorbs attacks (AC +1).
One of your tentacles bears a spike.
Scrolls take you a little longer to read.
Your flesh is cold resistant.


Message History

A sky beast appears from thin air!
Reactivating autopickup.
You hit the sky beast.
The sky beast is moderately wounded.
You completely miss the sky beast.
The sky beast is moderately wounded.
The sky beast barely misses you.
You hit the sky beast.
You pierce the sky beast, but do no damage.
The sky beast is heavily wounded.
The sky beast misses you.
You catch the helpless sky beast completely off-guard!
You puncture the sky beast!
You squeeze the sky beast, but do no damage.
The sky beast is almost dead.
You are starving!
The sky beast hits you.
* * * LOW HITPOINT WARNING * * *
The sky beast shocks you.
You die...

...####.....#...........
...........####........
###.......# #......... ###
#.....#.# #.....#... ....
#.......######...... ....#
#........######.....
#...###........##.####....
#........Y.....##..#####..
.###....@...####...## ###
##.......#####....#####
#..#....####.#..#......
##.##...## #._..#######.
...##.......#
##.#..#......
.......)....# ###....#####
..###..###..# #...######
##. ##.... #..## #... #.
#.....# #.## ##...


You could see a sky beast (confused).

Vanquished Creatures
  Menkaure (D:6)
  2 sky beasts
  An ogre (D:6)
  A centaur (D:6)
  A scorpion (D:4)
  An orc wizard (D:6)
  A crimson imp (D:5)
  A hound (D:4)
  A giant frog skeleton (D:6)
  2 iguanas
  4 worker ants
  11 orcs
  4 adders
  An ooze (D:4)
  An adder zombie (D:5)
  A worm (D:5)
  An adder skeleton (D:5)
  2 hobgoblins
  3 jackals (D:4)
  2 bats (D:1)
  2 giant cockroaches
  3 giant geckos
  A giant newt (D:1)
  A quokka skeleton (D:5)
  A rat (D:2)
50 creatures vanquished.

Vanquished Creatures (collateral kills)
  A jelly (D:5)
  An orc (D:5)
2 creatures vanquished.

Vanquished Creatures (others)
  An orc wizard (D:6)
  An orc priest (D:5)
2 creatures vanquished.

Grand Total: 54 creatures vanquished

Notes
Turn   | Place    | Note
--------------------------------------------------------------
     0 | D:1      | M4edhros the Octopode Artificer began the quest for the Orb.
     0 | D:1      | Reached XP level 1. HP: 13/13 MP: 3/3
    66 | D:1      | You fall through a shaft!
   410 | D:3      | Noticed Sigmund
   547 | D:4      | Reached XP level 2. HP: 18/18 MP: 4/4
   625 | D:4      | Reached XP level 3. HP: 3/23 MP: 5/5
   935 | D:4      | Reached XP level 4. HP: 28/28 MP: 6/6
   940 | D:4      | Reached skill level 4 in Stealth
  1009 | D:4      | Gained mutation: You are dopey. (Int -2) [potion of mutation]
  1009 | D:4      | Gained mutation: You possess an exceptional clarity of mind. [potion of mutation]
  1230 | D:4      | Reached XP level 5. HP: 25/33 MP: 8/8
  1404 | D:4      | Reached skill level 5 in Stealth
  1654 | D:5      | Entered Level 5 of the Dungeon
  1733 | D:5      | Found a stormy altar of Qazlal.
  1734 | D:5      | Found a snail-covered altar of Cheibriados.
  1735 | D:5      | Found an opulent altar of Gozag.
  1735 | D:5      | Found an oddly glowing altar of Pakellas.
  1737 | D:5      | Found an ancient bone altar of Kikubaaqudgha.
  1737 | D:5      | Found a sacrificial altar of Ru.
  1768 | D:5      | Found an iron altar of Okawaru.
  1837 | D:5      | Noticed a sky beast
  1850 | D:5      | Killed a sky beast
  1850 | D:5      | Reached XP level 6. HP: 38/38 MP: 9/9
  1896 | D:5      | Found a shadowy altar of Dithmenos.
  2190 | D:5      | Reached skill level 6 in Stealth
  2432 | D:5      | Found a shattered altar of Ashenzari.
  2468 | D:5      | HP: 1/38 [iguana (11)]
  2946 | D:5      | Reached XP level 7. HP: 31/43 MP: 10/10
  3059 | D:6      | Reached skill level 7 in Stealth
  3059 | D:6      | Reached skill level 5 in Evocations
  3063 | D:6      | Gained mutation: Your body sometimes deteriorates upon taking damage. [mutagenic meat]
  3064 | D:6      | Gained mutation: Your magical capacity is low (-10% MP). [mutagenic meat]
  3069 | D:6      | Lost mutation: Your body sometimes deteriorates upon taking damage. [potion of cure mutation]
  3069 | D:6      | Lost mutation: Your magical capacity is low (-10% MP). [potion of cure mutation]
  3069 | D:6      | Lost mutation: You possess an exceptional clarity of mind. [potion of cure mutation]
  3069 | D:6      | Lost mutation: You are dopey. (Int -2) [potion of cure mutation]
  3156 | D:6      | Found Mewylim's Distillery.
  3177 | D:6      | Reached skill level 5 in Dodging
  3182 | D:6      | Gained mutation: One of your tentacles bears a spike. [potion of mutation]
  3182 | D:6      | Gained mutation: Your flesh is cold resistant. [potion of mutation]
  3182 | D:6      | Gained mutation: Scrolls take you a little longer to read. [potion of mutation]
  3194 | D:6      | Bought a potion of heal wounds for 75 gold pieces
  3375 | D:6      | Found a glowing golden altar of the Shining One.
  3597 | D:6      | Noticed Menkaure
  3600 | D:6      | Killed Menkaure
  3600 | D:6      | Reached skill level 8 in Stealth
  3693 | D:6      | Reached XP level 8. HP: 23/48 MP: 12/12
  3759 | D:6      | Slain by a sky beast

Vault maps used:
D:1:      dpeg_arrival_oval, nemelex_xobeh_ov_fountains_minmay
D:3:      grunt_temple_overflow_champion_of_chaos, uniq_sigmund
D:5:      lemuel_crystal_altar, grunt_temple_overflow_open,
          evilmike_ruin_ashenzari, kennysheep_mini_moat, first_bread,
          st_stairs_6
D:6:      serial_shops, shop, nicolae_tso_swordbearing_angel, uniq_menkaure

Action                   |  1- 3 |  4- 6 |  7- 9 || total
-------------------------+-------+-------+-------++-------
Melee: Short sword       |    21 |    34 |    66 ||   121
       Glaive            |       |    40 |       ||    40
Evoke: Wand              |    10 |    25 |    16 ||    51
  Use: Potion            |       |     4 |     5 ||     9
 Stab: Sleeping          |     3 |     1 |       ||     4
       Distracted        |       |     1 |       ||     1
       Confused          |       |       |     5 ||     5
  Eat: Chunk             |       |     4 |     5 ||     9
       Royal jelly       |       |     1 |       ||     1
